 Dungeon Crawl Stone Soup version 0.31-a0-618-g7ca08c1ff9 (webtiles) character file.

Game seed: 10538926198970658122

18 freelancePsychic the Ruffian (level 2, 0/23 HPs)
             Began as a Djinni Shapeshifter on Aug 22, 2023.
             Slain by a kobold
             ... wielding a +0 short sword
              (4 damage)
             ... on level 1 of the Dungeon.
             The game lasted 00:00:54 (392 turns).

freelancePsychic the Ruffian (Djinni Shapeshifter)   Turns: 392, Time: 00:00:54

Health: 0/23       AC:  3    Str: 14    XL:     2   Next: 85%
Gold:   19         EV: 12    Int:  9    God:
                   SH:  0    Dex: 13

rFire   + + .        e - +0 trident
rCold   x . .        (no shield)
rNeg    . . .        f - +0 leather armour
rPois   ∞            (helmet currently unavailable)
rElec   .            (cloak currently unavailable)
rCorr   .            (gloves currently unavailable)
SInv    .            (boots unavailable)
Will    .....        (no amulet)
Stlth   +            (no ring)
HPRegen 0.23/turn    (no ring)
MPRegen 0.00/turn

%: infuse magic (-1 HP)
@: beast-form, flying
A: beast (slay +1), flying, sickness immunity, fire resistance 2, cold
vulnerability 1, float, innate caster, HP casting, extra vitality 1
a: Begin Untransformation


You were on level 1 of the Dungeon.
You were a hulking beast.
You visited 1 branch of the dungeon, and saw 1 of its levels.

You collected 37 gold pieces.
You spent 18 gold pieces at shops.

Inventory:

Hand Weapons
 e - a +0 trident (weapon)
Armour
 a - a +0 animal skin
 f - a +0 leather armour (worn)
Talismans
 c - a beast talisman (active)
 d - a flux talisman
Scrolls
 g - a scroll of teleportation {@r4}
Potions
 b - a potion of lignification
 h - 2 potions of heal wounds {unknown}
 i - 2 potions of berserk rage {unknown}


   Skills:
 + Level 1.8 Fighting
 - Level 2.1 Dodging
 - Level 3.0 Unarmed Combat
 + Level 1.0 Spellcasting
 + Level 1.0 Conjurations
 + Level 1.0 Hexes
   Level 0.0 Charms
 + Level 1.0 Summonings
 + Level 1.0 Necromancy
 + Level 1.0 Translocations
 + Level 1.0 Transmutations
 + Level 1.0 Fire Magic
 + Level 1.0 Ice Magic
 + Level 1.0 Air Magic
 + Level 1.0 Earth Magic
 + Level 1.0 Poison Magic
 - Level 2.6 Shapeshifting You didn't know any spells. Your spell library was empty.

Dungeon Overview and Level Annotations

Branches:
Dungeon (1/15)

Altars:

Shops:
D:1 *(=!


Innate Abilities, Weirdness & Mutations

You are a hulking beast.
Your limbs bulge with bestial killing power. (Slay +1)
You are flying.
You are immune to sickness and miasma.
You are immune to poison.
Your flesh is very heat resistant. (rF++)
You are vulnerable to cold. (rC-)
You float through the air rather than walking.
You learn spells naturally, not from books.
Your magical power is your life essence.
You have superior vitality. (+4 MHP)


Message History

The rat barely misses you.
The hobgoblin hits you but does no damage.
The kobold hits you with a +0 short sword.
The rat bites you. The hobgoblin hits you.
The kobold hits you with a +0 short sword.
You are too injured to fight recklessly!
You are too injured to fight recklessly!
You are too injured to fight recklessly!
You are too injured to fight recklessly!
You are too injured to fight recklessly!
There are monsters nearby!
You closely miss the rat. The rat bites you but does no damage.
The hobgoblin barely misses you. The kobold misses you.
You closely miss the hobgoblin.
The hobgoblin is almost dead.
The rat completely misses you. The hobgoblin misses you.
The kobold hits you with a +0 short sword.
You hit the hobgoblin.
You kill the hobgoblin!
The rat bites you. The kobold hits you but does no damage.
The rat barely misses you. The kobold closely misses you.
The rat bites you but does no damage. The kobold attacks as it pursues you!
The kobold barely misses you.
You see here a +0 ring mail.
You completely miss the rat. The rat completely misses you.
The kobold hits you with a +0 short sword.
You hit the rat.
The rat is heavily wounded.
The rat bites you but does no damage.
The kobold hits you with a +0 short sword.
You hit the rat.
You kill the rat!
The kobold hits you but does no damage.
The kobold hits you with a +0 short sword.
* * * LOW HITPOINT WARNING * * *
The kobold barely misses you.
You miss the kobold. The kobold closely misses you.
You hit the kobold but do no damage.
The kobold hits you with a +0 short sword.
You die...

#....#.........#.#.
#..$?#.#####...#.#.
#....# #...#.## #....#
##[.#.#.
#####....#+######..#+#.
...............[....†..
......................
##.).$..............
#.Kh................
#.#.[........######..
#.######...# #.. ...
#...# #.. #.## ##.##
#.. #. #.# ##.. . #.#
#... ## #.######.##
#.........#


You could see a kobold.

Vanquished Creatures
  A ball python (D:1)
  2 endoplasms (D:1)
  2 giant cockroaches (D:1)
  A goblin (D:1)
  4 hobgoblins (D:1)
  A kobold (D:1)
  A quokka (D:1)
  2 rats (D:1)
14 creatures vanquished.

Notes
Turn   | Place    | Note
-------+----------+-------------------------------------------
     0 | D:1      | freelancePsychic the Djinni Shapeshifter began the quest
                  | for the Orb.
     0 | D:1      | Reached XP level 1. HP: 17/17 MP: 0/0
   170 | D:1      | Found Cajusul's Distillery.
   175 | D:1      | Reached XP level 2. HP: 21/22 MP: 0/0
   208 | D:1      | Found Cucat's Antique Weapon Shoppe.
   223 | D:1      | Found Ginnuy's Assorted Antiques.
   232 | D:1      | Bought a scroll labelled DAREQ UVYEJEL for 18 gold pieces
   261 | D:1      | Found Qoyreor's Jewellery Emporium.
   373 | D:1      | Reached skill level 1 in Spellcasting
   373 | D:1      | Reached skill level 1 in Conjurations
   373 | D:1      | Reached skill level 1 in Hexes
   373 | D:1      | Reached skill level 1 in Summonings
   373 | D:1      | Reached skill level 1 in Necromancy
   373 | D:1      | Reached skill level 1 in Translocations
   373 | D:1      | Reached skill level 1 in Transmutations
   373 | D:1      | Reached skill level 1 in Fire Magic
   373 | D:1      | Reached skill level 1 in Ice Magic
   373 | D:1      | Reached skill level 1 in Air Magic
   373 | D:1      | Reached skill level 1 in Earth Magic
   373 | D:1      | Reached skill level 1 in Poison Magic
   392 | D:1      | Slain by a kobold

Illustrated notes

Levels and vault maps discovered:
D:1:      minmay_arrival_open_corners, layout_basic, serial_shops,
          nicolae_lakefront_shop, nicolae_shop_tiny_waterfront,
          nicolae_shop_advertising_works [nicolae_subvault_shop_adworks], shop,
          nicolae_shop_crystal, minmay_tromino_v7

Skill      XL: |  1  2 |
---------------+-------+-----
Spellcasting   | 1 |  1.0
Conjurations   | 1 |  1.0
Hexes          | 1 |  1.0
Summonings     | 1 |  1.0
Necromancy     | 1 |  1.0
Translocations | 1 |  1.0
Transmutations | 1 |  1.0
Fire Magic     | 1 |  1.0
Ice Magic      | 1 |  1.0
Air Magic      | 1 |  1.0
Earth Magic    | 1 |  1.0
Poison Magic   | 1 |  1.0
Fighting       | |  1.8
Dodging        | |  2.1
Unarmed Combat | |  3.0
Shapeshifting  | |  2.6

Action                     || total
---------------------------++-------
  Melee: Unarmed           ||    14
         Trident           ||    39
    Use: Scroll            ||     1
   Stab: Sleeping          ||     2
 Armour: Leather armour    ||    11
  Dodge: Dodged            ||    41

Table legend: (Time is in decaauts)
 A = Elapsed time spent in this place.
 B = Non-inter-level travel time spent in this place.
 C = Inter-level travel time spent in this place.
 D = Time resting spent in this place.
 E = Time spent auto-exploring this place.
 F = Levels seen in this place.
 G = Mean time per level.
                   A        B        C        D        E       F      G
               +--------+--------+--------+--------+--------+-----+--------+
         Total |    402 |    402 |      0 |     54 |    217 |   1 |  402.0 |
       Dungeon |    402 |    402 |      0 |     54 |    217 |   1 |  402.0 |
               +--------+--------+--------+--------+--------+-----+--------+

Top non-repeatable levels by time:
     D:1: 402 daAuts
